 Dungeon Crawl Stone Soup version 0.19.4-12-gccf7e64 (webtiles) character file.

6088 Magnus the Dealer of Despair (level 10, 0/70 HPs)
             Began as a Demonspawn Monk on Feb 28, 2017.
             Was an Elder of Kikubaaqudgha.
             Slain by a yak (10 damage)
             ... on level 9 of the Dungeon.
             The game lasted 00:47:43 (13462 turns).

Magnus the Dealer of Despair (Demonspawn Monk)     Turns: 13462, Time: 00:47:43

Health: 0/70       AC:  9    Str: 14    XL:     10   Next: 58%
Magic:  0/22       EV: 12    Int: 13    God:    Kikubaaqudgha [****..]
Gold:   215        SH:  0    Dex: 17    Spells: 5 memorised, 10 levels left

rFire  . . .     SeeInvis .     a - +0 falchion
rCold  + + .     Gourm    .     k - +0 ring mail
rNeg   . . .     Faith    .     (no shield)
rPois  .         Spirit   +     (helmet restricted)
rElec  .         Reflect  .     q - +2 cloak
rCorr  .         Harm     .     r - +0 pair of gloves
MR     .....                    (no boots)
Stlth  ++........               s - amulet of rage
                                t - ring of protection from cold
                                j - ring of stealth

@: no status effects
A: horns 2, talons 2, agile 1, cold resistance 1, magic shield, freezing cloud
immunity
a: Receive Corpses, Renounce Religion, Evoke Berserk Rage


You were on level 9 of the Dungeon.
You worshipped Kikubaaqudgha.
Kikubaaqudgha was greatly pleased with you.
You were very hungry.

You visited 2 branches of the dungeon, and saw 11 of its levels.

You collected 545 gold pieces.
You spent 330 gold pieces at shops.

Inventory:

Hand Weapons
 a - a +0 falchion (weapon)
 z - a +0 long sword
Armour
 k - a +0 ring mail (worn)
 q - a +2 cloak (worn)
 r - a +0 pair of gloves (worn)
 E - the +4 skin of Zhor {rC+++}
   (You found it on level 8 of the Dungeon)

   It renders you almost immune to cold.
Rods
 v - a -2 rod of inaccuracy (9/9)
   (You found it on level 5 of the Dungeon)
Jewellery
 j - a ring of stealth (left hand)
 l - an uncursed ring of flight
 s - an amulet of rage (around neck)
 t - a ring of protection from cold (right hand)
Wands
 m - a wand of random effects (27/48)
 n - a wand of polymorph (8/24)
 p - a wand of acid (6/15)
 y - a wand of lightning (5/15)
 I - a wand of flame (1/48)
Scrolls
 e - 2 scrolls of immolation
 o - a scroll of enchant armour
 w - a scroll of identify
 x - 6 scrolls of remove curse
 A - 5 scrolls of amnesia
 J - 2 scrolls of enchant weapon {unknown}
 L - a scroll of teleportation
 N - a scroll of recharging {unknown}
Potions
 b - a potion of brilliance
 d - 2 potions of lignification
 i - 3 potions of curing
 u - 3 potions of agility {unknown}
 C - 3 potions of flight
 D - a potion of might
 H - a potion of cure mutation {unknown}
Books
 f - Kikubaaqudgha's Collected Works on Stolen Souls
   (Kikubaaqudgha gifted it to you on level 7 of the Dungeon)

   Spells                             Type                      Level
   a - Excruciating Wounds            Charms/Necromancy            5
   b - Bolt of Draining               Conjuration/Necromancy       5
   c - Cigotuvi's Embrace             Necromancy                   5
   d - Dispel Undead                  Necromancy                   5
   e - Simulacrum                     Ice/Necromancy               6
 h - Kikubaaqudgha's Catalogue of Dark Magic
   (Kikubaaqudgha gifted it to you in the Ecumenical Temple)

   Spells                             Type                      Level
   a - Pain                           Necromancy                   1
   b - Corpse Rot                     Necromancy                   2
   c - Sublimation of Blood           Necromancy                   2
   d - Regeneration                   Charms/Necromancy            3
   e - Control Undead                 Necromancy                   4
 F - a book of Frost

   Spells                             Type                      Level
   a - Freeze                         Ice                          1
   b - Throw Frost                    Conjuration/Ice              2
   c - Ozocubu's Armour               Charms/Ice                   3
   d - Throw Icicle                   Conjuration/Ice              4
   e - Summon Ice Beast               Ice/Summoning                4
 G - a book of Necromancy

   Spells                             Type                      Level
   a - Pain                           Necromancy                   1
   b - Animate Skeleton               Necromancy                   1
   c - Vampiric Draining              Necromancy                   3
   d - Regeneration                   Charms/Necromancy            3
   e - Animate Dead                   Necromancy                   4
   f - Control Undead                 Necromancy                   4
Comestibles
 c - 11 bread rations
 g - 6 meat rations
 B - 3 fruits
 M - a royal jelly


   Skills:
 - Level 3.0 Fighting
 - Level 8.6 Long Blades
 - Level 2.6 Dodging
 - Level 1.7 Stealth
 + Level 8.5 Spellcasting
 + Level 10.4 Necromancy


You had 10 spell levels left.
You knew the following spells:

 Your Spells              Type           Power        Failure   Level  Hunger
a - Pain                  Necr           ####         1%          1    None
b - Regeneration          Chrm/Necr      ###.......   12%         3    ##.....
c - Vampiric Draining     Necr           ####......   1%          3    ##.....
d - Animate Dead          Necr           N/A          3%          4    ####...
e - Dispel Undead         Necr           ####....     12%         5    #####..


Dungeon Overview and Level Annotations

Branches:
Dungeon (10/15)            Temple (1/1) D:4
   Lair: D:8-11         Orc: D:9-12

Altars:
Ashenzari
Cheibriados
Dithmenos
Elyvilon
Fedhas
Gozag
Hepliaklqana
Kikubaaqudgha
Makhleb
Nemelex Xobeh
Okawaru
Qazlal
Ru
Sif Muna
Trog
Uskayaw
Vehumet
Xom
Yredelemnul
Zin
The Shining One

Shops:
D:6 :

Annotations:
D:5 lolicon's ghost, novice OpFi


Innate Abilities, Weirdness & Mutations

You have a pair of horns on your head.
You have razor-sharp toenails.
Your flesh is cold resistant. (rC+)
When hurt, damage is shared between your health and your magic reserves.
You are immune to freezing clouds.
You are agile. (Dex +2)


Message History

Your kick misses the yak.
The yak is almost dead.
The yak gores you!
* * * LOW HITPOINT WARNING * * *
Your ring mail prevents you from hitting the yak.
Your kick misses the yak. You headbutt the yak, but do no damage.
The yak is almost dead.
The yak closely misses you.
You riposte.
You barely miss the yak.
The yak is severely wounded.
You barely miss the yak. Your headbutt misses the yak.
The yak is severely wounded.
You hit the yak.
The yak is almost dead.
The yak gores you!
* * * LOW HITPOINT WARNING * * *
You hit the yak but do no damage. You claw the yak, but do no damage.
The yak is almost dead.
The yak gores you!
You die...
Kikubaaqudgha rasps: "You have failed me!
Welcome... death!"

##.......# #### ##........#
############..# ...#......#
#.............#
.....#########.########...##
...######......# #...#
...#......#############...#
..#..###### #.........##
....## #.######..#
....###### #@# ###..#
..#......### #Y# ##....#
.#######...#####.###..##.#
..#### ###...........###.#
.....### #...........# #.#
.###().###...........# #.#
...()#..##..........####.#
####.......###.....####..#
####......>###.....# #..##


You could see a yak.

Vanquished Creatures
  An unseen horror (D:10)
  A kobold demonologist (D:9)
  A troll (D:9)
  A two-headed ogre (D:8)
  Sigmund (D:2)
  2 yaks (D:9)
  2 water moccasins
  2 orc warriors (D:9)
  2 ice beasts (D:5)
  A black bear (D:8)
  2 eyes of draining (D:5)
  2 ogres (D:7)
  A sky beast (D:9)
  6 centaurs
  2 big kobolds
  5 bullfrogs
  A gnoll sergeant (D:4)
  3 scorpions
  7 killer bees (D:7)
  2 howler monkeys
  2 wights (D:8)
  3 centaur zombies
  7 crimson imps
  A bullfrog zombie (D:5)
  3 hounds
  A quasit (D:7)
  2 jellies
  2 orc priests
  5 orc wizards
  2 iguanas
  Ijyb (D:2)
  Terence (D:2)
  5 worker ants
  A hound skeleton (D:6)
  A worker ant zombie (D:5)
  15 adders
  11 gnolls
  A shadow imp (D:8)
  An ooze (D:1)
  2 adder skeletons
  A worm (D:2)
  3 dart slugs
  2 leopard geckos
  25 orcs
  4 giant cockroaches
  5 goblins
  5 hobgoblins
  11 jackals
  3 quokkas
  A ball python (D:8)
  9 bats
  6 frilled lizards
  A jackal skeleton (D:5)
  14 kobolds
  A quokka zombie (D:7)
  4 rats
207 creatures vanquished.

Vanquished Creatures (collateral kills)
  A vampire (D:9)
  3 wights (D:8)
  A worker ant (D:8)
  A gnoll (D:8)
6 creatures vanquished.

Grand Total: 213 creatures vanquished

Notes
Turn   | Place    | Note
-------+----------+-------------------------------------------
     0 | D:1      | Magnus the Demonspawn Monk began the quest for the Orb.
     0 | D:1      | Reached XP level 1. HP: 18/18 MP: 1/1
   397 | D:1      | Gained mutation: You have a pair of small horns on your head. [demonic ancestry]
   397 | D:1      | Reached XP level 2. HP: 22/24 MP: 2/2
   918 | D:1      | Gained mutation: You have a pair of horns on your head. [demonic ancestry]
   918 | D:1      | Reached XP level 3. HP: 25/29 MP: 3/3
  1062 | D:2      | Found a faded altar of an unknown god.
  1195 | D:2      | Found a hazy altar of Hepliaklqana.
  1203 | D:2      | Noticed Terence
  1222 | D:2      | Killed Terence
  1413 | D:2      | Noticed Ijyb
  1422 | D:2      | Gained mutation: You have sharp toenails. [demonic ancestry]
  1422 | D:2      | Reached XP level 4. HP: 35/35 MP: 4/4
  1497 | D:2      | Found a shattered altar of Ashenzari.
  1609 | D:2      | Noticed Sigmund
  1642 | D:2      | Killed Sigmund
  1642 | D:2      | Gained mutation: You have razor-sharp toenails. [demonic ancestry]
  1642 | D:2      | Reached XP level 5. HP: 22/41 MP: 5/5
  1981 | D:2      | Killed Ijyb
  2122 | D:1      | Gained mutation: When hurt, damage is shared between your health and your magic reserves. [demonic ancestry]
  2122 | D:1      | Reached XP level 6. HP: 47/47 MP: 6/6
  3309 | D:4      | Found a staircase to the Ecumenical Temple.
  3340 | D:4      | Found a stormy altar of Qazlal.
  3424 | D:4      | Found a glowing silver altar of Zin.
  3424 | D:4      | Found a sacrificial altar of Ru.
  3618 | D:4      | Found a sparkling altar of Nemelex Xobeh.
  3819 | D:4      | Found a white marble altar of Elyvilon.
  4190 | Temple   | Entered the Ecumenical Temple
  4195 | Temple   | Became a worshipper of Kikubaaqudgha
  4195 | Temple   | Reached * piety under Kikubaaqudgha
  4195 | Temple   | Identified Kikubaaqudgha's Catalogue of Dark Magic (Kikubaaqudgha gifted it to you in the Ecumenical Temple)
  4195 | Temple   | Received a gift from Kikubaaqudgha
  4195 | Temple   | Reached ** piety under Kikubaaqudgha
  4207 | D:4      | Learned a level 1 spell: Pain
  4210 | D:5      | Entered Level 5 of the Dungeon
  4210 | D:5      | Noticed an ice beast
  4224 | D:5      | Killed an ice beast
  4224 | D:5      | Reached skill level 1 in Necromancy
  4224 | D:5      | Reached XP level 7. HP: 40/52 MP: 4/7
  4403 | D:5      | Reached skill level 2 in Necromancy
  4415 | D:5      | Reached skill level 1 in Spellcasting
  4727 | D:5      | Noticed lolicon's ghost (novice OpFi)
  5404 | D:5      | Reached skill level 3 in Necromancy
  5719 | D:5      | Gained mutation: Your flesh is cold resistant. (rC+) [demonic ancestry]
  5719 | D:5      | Reached XP level 8. HP: 57/58 MP: 11/11
  5834 | D:5      | Found a bloodstained altar of Trog.
  5871 | D:5      | Reached skill level 4 in Necromancy
  6113 | D:6      | Found a blossoming altar of Fedhas.
  6160 | D:6      | Gained mutation: You are clumsy. (Dex -2) [potion of mutation]
  6160 | D:6      | Lost mutation: You are clumsy. (Dex -2) [potion of mutation]
  6160 | D:6      | Gained mutation: You are agile. (Dex +2) [potion of mutation]
  6686 | D:6      | Found Nueril's Book Shop.
  6697 | D:6      | Reached skill level 5 in Necromancy
  7121 | D:6      | Learned a level 3 spell: Regeneration
  7275 | D:7      | Reached *** piety under Kikubaaqudgha
  7275 | D:7      | Identified Kikubaaqudgha's Collected Works on Stolen Souls (Kikubaaqudgha gifted it to you on level 7 of the Dungeon)
  7275 | D:7      | Received a gift from Kikubaaqudgha
  7565 | D:7      | Gained mutation: You are immune to freezing clouds. [demonic ancestry]
  7565 | D:7      | Reached XP level 9. HP: 61/63 MP: 11/16
  7668 | D:7      | Reached skill level 6 in Necromancy
  7823 | D:7      | Found a hide-covered altar of Uskayaw.
  8181 | D:7      | Reached skill level 5 in Spellcasting
  9059 | D:7      | Reached skill level 7 in Necromancy
  9168 | D:6      | Bought a book of Necromancy for 330 gold pieces
  9172 | D:6      | Learned a level 3 spell: Vampiric Draining
  9177 | D:6      | Learned a level 4 spell: Animate Dead
  9549 | D:8      | Found a radiant altar of Vehumet.
  9587 | D:8      | Found a radiant altar of Vehumet.
  9587 | D:8      | Found a burning altar of Makhleb.
 10150 | D:8      | Reached **** piety under Kikubaaqudgha
 10172 | D:8      | Reached skill level 8 in Necromancy
 10847 | D:9      | Noticed a troll
 10867 | D:9      | Killed a troll
 11216 | D:9      | Reached XP level 10. HP: 54/70 MP: 15/20
 11440 | D:9      | Learned a level 5 spell: Dispel Undead
 11558 | D:9      | Reached skill level 9 in Necromancy
 12063 | D:10     | Entered Level 10 of the Dungeon
 13085 | D:10     | Noticed a hill giant
 13098 | D:10     | Killed an unseen horror
 13098 | D:10     | Reached skill level 10 in Necromancy
 13462 | D:9      | Slain by a yak

Skill      XL: |  1  2  3  4  5  6  7  8  9 10 |
---------------+-------------------------------+-----
Long Blades    | 3 4 6 7 8 |  8.6
Necromancy     | 1 3 5 8 10 | 10.4
Spellcasting   | 2 4 7 8 |  8.5
Fighting       | |  3.0
Dodging        | |  2.6
Stealth        | |  1.7

Action                   |  1- 3 |  4- 6 |  7- 9 | 10-12 || total
-------------------------+-------+-------+-------+-------++-------
Melee: Falchion          |   107 |   148 |   450 |   113 ||   818
       Headbutt          |    19 |    25 |   126 |    46 ||   216
       Kick              |       |    52 |   156 |    56 ||   264
 Cast: Pain              |       |       |    66 |    77 ||   143
       Animate Dead      |       |       |     5 |     6 ||    11
Invok: Receive Corpses   |       |       |     1 |     2 ||     3
 Abil: Evoke Berserk Rag |       |       |     2 |       ||     2
  Use: Scroll            |       |     6 |     6 |       ||    12
       Potion            |       |       |     6 |       ||     6
 Stab: Sleeping          |     1 |     5 |     5 |     2 ||    13
       Distracted        |       |       |     2 |       ||     2
  Eat: Chunk             |     2 |     8 |    22 |     6 ||    38
       Fruit             |       |       |     4 |       ||     4
       Beef jerky        |       |       |     1 |     1 ||     2
Armor: Robe              |    16 |       |       |       ||    16
       Leather armour    |    21 |       |       |       ||    21
       Ring mail         |       |    42 |   157 |    46 ||   245
       Skin              |       |       |    49 |       ||    49
Dodge: Dodged            |    87 |    62 |   305 |   103 ||   557
       Rpst.: Falchion   |    25 |    17 |    84 |    30 ||   156
